 Dungeon Crawl Stone Soup version 0.27.1-1-g398f81649c (webtiles) character file.

Game seed: 11148384857298859988

21823 worthlessgem the Slicer (level 13, -5/96 HPs)
             Began as a Djinni Fire Elementalist on Sept 22, 2021.
             Was a Priest of Nemelex Xobeh.
             Shot with a bolt by an orc knight (10 damage)
             ... on level 1 of the Orcish Mines.
             The game lasted 02:29:56 (17059 turns).

worthlessgem the Slicer (Djinni Fire Elementalist) Turns: 17059, Time: 02:29:57

Health: -5/96      AC: 10    Str:  9    XL:     13   Next: 22%
Gold:   580        EV: 11    Int: 18    God:    Nemelex Xobeh [***...] SH:  0 Dex: 16

rFire    + + .     SeeInvis +   b - +2 dagger (chaos)
rCold    x . .     Faith    .   (no shield)
rNeg     + . .     Spirit   .   n - +1 acid dragon scales
rPois    ∞         Reflect  .   E - +2 helmet
rElec    .         Harm     .   (no cloak)
rCorr    +         Rampage  .   (no gloves)
Will     ++...                  (boots unavailable)
Stlth    +++.......             c - amulet of regeneration
HPRegen  1.26/turn              i - ring of Bubuph {rN+ Will+ SInv}
MPRegen  0.00/turn              y - ring of wizardry

@: flying, studying Short Blades
A: sickness immunity, fire resistance 2, cold vulnerability 1, float, innate
caster, hp casting, extra vitality 1
a: Renounce Religion, Draw Escape, Draw Destruction, Draw Summoning, Triple Draw


You were on level 1 of the Orcish Mines.
You worshipped Nemelex Xobeh.
Nemelex Xobeh was most pleased with you.
You visited 2 branches of the dungeon, and saw 12 of its levels.
You also visited: Sewer.

You collected 1108 gold pieces.
You spent 528 gold pieces at shops.

Inventory:

Hand Weapons
 a - a +2 short sword of venom
 b - a +2 dagger of chaos (weapon)
 w - the +3 hand crossbow "Xoatedgh" {freeze, *Slow rPois Int+5}
   (You bought it in a shop on level 6 of the Dungeon)

   Any ammunition fired from it freezes those it strikes, dealing additional
   cold damage.
   It can also slow down cold-blooded creatures.
   Int:       It affects your intelligence (+5).
   rPois:     It protects you from poison.
   *Slow:     It may slow you when you take damage.
Missiles
 g - 49 bolts
 j - 47 poisoned darts (quivered)
 k - 2 throwing nets
 F - 11 javelins
Armour
 f - a +0 robe
 n - +1 acid dragon scales (worn)
 D - a +1 leather armour of fire resistance
 E - a +2 helmet (worn)
Jewellery
 c - an amulet of regeneration (around neck)
 i - the ring of Bubuph (left hand) {rN+ Will+ SInv}
   (You acquired it on level 9 of the Dungeon)

   [ring of positive energy]

   rN:        It protects you from negative energy.
   SInv:      It lets you see invisible.
   Will:      It increases your willpower.
 y - a ring of wizardry (right hand)
Wands
 e - a wand of polymorph (3)
 l - a wand of iceblast (11)
 v - a wand of flame (24)
Scrolls
 o - 3 scrolls of fog {unknown}
 q - 3 scrolls of noise
 r - 3 scrolls of fear
 s - a scroll of blinking
 t - 5 scrolls of teleportation
 u - a scroll of vulnerability {unknown}
 G - a scroll of acquirement
Potions
 d - a potion of berserk rage
 h - a potion of heal wounds
 m - a potion of haste
 p - 2 potions of lignification
 x - a potion of mutation
 z - a potion of curing
 A - a potion of resistance {unknown}
 B - 2 potions of attraction
 C - a potion of brilliance


   Skills:
 + Level 10.3 Fighting
 - Level 10.5 Short Blades
 - Level 8.0 Crossbows
 - Level 6.1 Throwing
 - Level 2.1 Dodging
 - Level 5.7 Stealth
 - Level 5.6 Spellcasting
 + Level 5.7 Invocations
 - Level 4.4 Evocations


You couldn't memorise any spells.
You knew the following spells:

 Your Spells              Type           Power      Damage    Failure   Level
a - Foxfire               Conj/Fire      100%       2x1d9     1%          1
b - Conjure Flame         Conj/Fire      25%        6-21      2%          3
c - Inner Flame           Hex/Fire       25%        N/A       2%          3
d - Sticky Flame          Conj/Fire      25%        2d5       9%          4
e - Fireball              Conj/Fire      12%        3d7       22%         5
f - Magic Dart            Conj           100%       1d8       1%          1
g - Searing Ray           Conj           50%        3d5       1%          2
h - Call Imp              Summ           25%        N/A       1%          2
i - Teleport Other        Tloc           25%        N/A       2%          3
j - Dispel Undead         Necr           25%        3d12      9%          4
k - Iskenderun's Battles  Conj           25%        2d8       22%         5
Your spell library was empty.

Dungeon Overview and Level Annotations

Branches:
Dungeon (10/15)            Temple (0/1) D:7            Lair (0/6) D:10
    Orc (2/2) D:9           Sewer (visited)
    Elf: Orc:2

Altars:
Ashenzari
Cheibriados
Dithmenos
Fedhas
Gozag
Hepliaklqana
Nemelex Xobeh
Trog
Zin
Beogh

Shops:
D:3 [   D:6 (   Orc:1 ?   Orc:2 :(

Annotations:
D:10 3 runed translucent doors, CrypticCrinoid's ghost, journeyman MiBe


Innate Abilities, Weirdness & Mutations

You are immune to sickness and miasma.
You are immune to poison.
Your flesh is very heat resistant. (rF++)
You are vulnerable to cold. (rC-)
You float through the air rather than walking.
You learn spells naturally, not from books.
Your magical power is your life essence.
You have superior vitality. (+4 HP)


Message History

Unknown command.
The golden eye turns its gaze towards you.
The meliai mumbles some strange prayers to Beogh against you.
Beogh smites you!
The orc priest hits you but does no damage.
The orc knight unwields a +0 arbalest.
The orc knight wields a +2 great mace of holy wrath.
It softly glows with a divine radiance!
The orc knight hits you with a +2 great mace of holy wrath!!
* * * LOW HITPOINT WARNING * * *
The rime drake hisses angrily.
You fly upwards.
There is a stone staircase leading down here.
Items here: ))) [[[.
You feel much better. The orc priest hits you with a +0 club.
The orc knight hits you with a +2 great mace of holy wrath!
* * * LOW HITPOINT WARNING * * *
You draw a card...
You have drawn the Orb.
Press: ? - help, Shift-Dir - straight line, f - orc priest
Aim: an orc priest, wielding a +0 club and wearing a +0 leather armour (inner flame, strong)
The wavering orb of destruction weakly hits the orc priest!
Flame seeps out of the orc priest.
The orc priest is almost dead.
The orc priest is engulfed in blazing flames.
The orc priest explodes!
The fiery explosion engulfs you! You resist.
* * * LOW HITPOINT WARNING * * *
The fiery explosion engulfs the orc knight!!!
The orc knight is severely wounded.
The orc knight is engulfed in blazing flames.
The orc knight hits you with a +2 great mace of holy wrath!
* * * LOW HITPOINT WARNING * * *
Unknown command.
The orc knight is engulfed in blazing flames.
The orc knight unwields a +2 great mace of holy wrath.
It stops glowing.
The orc knight wields a +0 arbalest.
The orc knight shoots a bolt.
The bolt hits you!
You die...
Your body glows with a rainbow of weird colours and disappears.

### #########
##.####...##..##
##...##.........#
#....#.....##...#
#.....#........##
##..>...........#
##..............##
#..........§§§..#
##........@§○§.##
##.........)>o§..##
#..........$)[...)#
##....#....[.[[..##
##......#..#.....#
#.........##....##
##.............##
##....#.......##
#....#....#.###


You could see an orc knight.

Vanquished Creatures
  Gastronok (D:8)
  An orc warlord (Orc:1)
  An ettin (D:9)
  A boulder beetle (D:10)
  2 two-headed ogres
  2 orc high priests
  2 tengu warriors (D:10)
  An orc knight (D:9)
  Pikel (D:7)
  An orc sorcerer (Orc:1)
  A cyclops (D:9)
  A komodo dragon (D:10)
  Maggie (D:7)
  Psyche (D:8)
  A hornet (D:9)
  A troll (D:10)
  A blink frog (Orc:1)
  A spriggan (Orc:1)
  3 wyverns (D:9)
  A fire bat (Orc:1)
  7 yaks
  A warg (Orc:1)
  An acid dragon (D:10)
  A water moccasin (D:10)
  6 black bears
  2 ice beasts (D:7)
  3 sky beasts
  3 necrophages
  A hornet zombie (D:8)
  24 orc warriors
  2 ogres
  A centaur (D:9)
  2 lemures (D:7)
  5 kobold brigands
  5 bullfrogs
  A wyvern zombie (D:7)
  5 gnoll sergeants (D:8)
  2 water moccasin zombies (D:5)
  4 scorpions
  A water moccasin skeleton (D:6)
  11 killer bees
  5 howler monkeys
  3 electric eels (D:6)
  A centaur zombie (D:9)
  A bullfrog zombie (D:5)
  2 centaur skeletons
  3 jellies
  Crazy Yiuf (D:4)
  8 hounds
  11 orc priests
  2 gnoll shamans (D:8)
  Jessica (D:2)
  3 iguanas
  Natasha (twice) (D:4)
  10 orc wizards
  A killer bee zombie (D:7)
  A howler monkey zombie (D:7)
  Robin (D:3)
  13 adders
  24 gnolls
  2 river rats (Sewer)
  A shadow imp (D:7)
  7 worms
  A dart slug (D:1)
  46 orcs
  5 bats
  11 endoplasms
  5 giant cockroaches (D:4)
  9 goblins
  10 hobgoblins
  14 jackals
  4 quokkas
  9 ball pythons
  4 frilled lizards
  19 kobolds
  7 rats
360 creatures vanquished.

Vanquished Creatures (collateral kills)
  Joseph (D:9)
  A troll (D:9)
  A blink frog (Orc:1)
  A basilisk (D:9)
  A warg (Orc:1)
  An acid dragon (D:9)
  An orc warrior (D:9)
  A hornet zombie (D:8)
  A bullfrog (D:8)
  A gnoll sergeant (D:10)
  A scorpion (D:10)
  3 killer bees
  A hound (D:8)
  2 orc wizards (D:9)
  2 adders
  5 gnolls
  4 orcs
  A giant cockroach (D:1)
  3 hobgoblins (D:1)
  3 jackals
  A quokka (D:1)
  A ball python (D:1)
  A kobold (D:1)
  A rat (D:1)
  12 foxfires
51 creatures vanquished.

Vanquished Creatures (others)
  495 foxfires
  59 fungi
  60 plants
614 creatures vanquished.

Grand Total: 1025 creatures vanquished

Notes
Turn   | Place    | Note
-------+----------+-------------------------------------------
     0 | D:1      | worthlessgem the Djinni Fire Elementalist began the quest
                  | for the Orb.
     0 | D:1      | Reached XP level 1. HP: 15/15 MP: 0/0
   159 | D:1      | Reached XP level 2. HP: 8/21 MP: 0/0
   557 | D:2      | Found a faded altar of an unknown god.
   616 | D:2      | Reached XP level 3. HP: 21/25 MP: 0/0
   616 | D:2      | Learned a level 1 spell: Magic Dart
   772 | D:2      | Noticed Jessica
   787 | D:2      | Killed Jessica
   788 | D:2      | Reached XP level 4. HP: 26/31 MP: 0/0
  1184 | D:2      | Reached XP level 5. HP: 27/35 MP: 0/0
  1184 | D:2      | Learned a level 2 spell: Searing Ray
  1554 | D:2      | Found a glowing silver altar of Zin.
  1740 | D:3      | Noticed Terence
  1812 | D:3      | Found a shadowy altar of Dithmenos.
  1842 | D:3      | Found Vaicaete's Antique Armour Boutique.
  2075 | D:3      | Noticed Robin
  2088 | D:3      | Killed Robin
  2219 | D:3      | Noticed Terence
  2219 | D:3      | Terence changed into Terence the quokka
  2228 | D:3      | Killed Terence the quokka
  2411 | D:3      | Reached skill level 1 in Short Blades
  2584 | D:3      | Reached XP level 6. HP: 41/41 MP: 0/0
  2833 | D:3      | Reached skill level 1 in Fighting
  3113 | D:4      | Noticed Natasha
  3126 | D:4      | Killed Natasha
  3213 | D:4      | Found a glowing drain.
  3306 | Sewer    | Entered a sewer
  3562 | Sewer    | Reached XP level 7. HP: 47/49 MP: 0/0
  3562 | Sewer    | Learned a level 2 spell: Call Imp
  4373 | D:4      | Noticed Natasha
  4386 | D:4      | Noticed Natasha
  4386 | D:4      | Natasha changed into Natasha the gnoll
  4388 | D:4      | Killed Natasha the gnoll
  5408 | D:4      | Noticed Natasha
  5411 | D:4      | Reached XP level 8. HP: 48/58 MP: 0/0
  5414 | D:4      | Killed Natasha
  5415 | D:4      | Reached skill level 5 in Short Blades
  6139 | D:4      | Found a runed translucent door.
  6140 | D:4      | Noticed Crazy Yiuf
  6268 | D:4      | Killed Crazy Yiuf
  6339 | D:5      | Entered Level 5 of the Dungeon
  7352 | D:5      | Reached skill level 5 in Fighting
  7768 | D:5      | Reached skill level 1 in Evocations
  7864 | D:5      | Found a sparkling altar of Nemelex Xobeh.
  7952 | D:6      | Reached XP level 9. HP: 62/65 MP: 0/0
  7952 | D:6      | Learned a level 3 spell: Teleport Other
  8269 | D:6      | Found a bloodstained altar of Trog.
  8329 | D:5      | Became a worshipper of Nemelex Xobeh the Trickster
  8414 | D:7      | Noticed Maggie
  8506 | D:7      | Noticed Pikel
  8625 | D:6      | Found Entilu's Antique Weapon Emporium.
  8628 | D:6      | Bought a crude hand crossbow for 263 gold pieces
  8628 | D:6      | Identified the +3 hand crossbow "Xoatedgh" {freeze, *Slow
                  | rPois Int+5} (You bought it in a shop on level 6 of the
                  | Dungeon)
  8646 | D:6      | Found a transporter.
  8713 | D:6      | Found a transporter.
  9229 | D:6      | Noticed a two-headed ogre
  9250 | D:6      | Killed a two-headed ogre
  9251 | D:6      | Reached skill level 5 in Stealth
  9742 | D:7      | Reached * piety under Nemelex Xobeh
  9777 | D:7      | Killed Pikel
  9778 | D:7      | Reached XP level 10. HP: 63/75 MP: 0/0
  9876 | D:7      | Received a gift from Nemelex Xobeh
 10035 | D:7      | Found a staircase to the Ecumenical Temple.
 10115 | D:7      | Identified a scroll of acquirement
 10115 | D:7      | Acquired an amulet of regeneration
 11238 | D:8      | Noticed Gastronok
 11243 | D:8      | Found a broken altar of Ashenzari.
 11398 | D:8      | Reached ** piety under Nemelex Xobeh
 11398 | D:8      | Received a gift from Nemelex Xobeh
 11425 | D:8      | Noticed Psyche
 11481 | D:8      | Killed Psyche
 12091 | D:8      | Killed Gastronok
 12092 | D:8      | Reached XP level 11. HP: 38/82 MP: 0/0
 12092 | D:8      | Learned a level 4 spell: Dispel Undead
 12676 | D:7      | Killed Maggie
 12817 | D:9      | Noticed Joseph
 12829 | D:9      | Killed Joseph
 13131 | D:9      | Received a gift from Nemelex Xobeh
 13168 | D:9      | Found a staircase to the Orcish Mines.
 13446 | D:9      | Reached skill level 5 in Spellcasting
 13463 | D:9      | Reached *** piety under Nemelex Xobeh
 13768 | Orc:1    | Entered Level 1 of the Orcish Mines
 13768 | Orc:1    | Noticed an ettin
 13774 | Orc:1    | Noticed an orc sorcerer
 13812 | Orc:1    | Noticed an orc knight
 13813 | Orc:1    | Noticed a cyclops
 13837 | Orc:1    | Noticed an orc high priest
 14034 | D:10     | Entered Level 10 of the Dungeon
 14328 | D:10     | Reached skill level 1 in Throwing
 14339 | D:10     | Reached XP level 12. HP: 89/90 MP: 0/0
 14600 | D:10     | Found a hazy altar of Hepliaklqana.
 14622 | D:9      | Acquired the ring of Bubuph {rN+ Will+ SInv}
 14640 | D:10     | Found a runed translucent gate.
 14644 | D:10     | Found a runed translucent gate.
 14645 | D:10     | Found a runed translucent gate.
 14646 | D:10     | Found an opulent altar of Gozag.
 14647 | D:10     | Noticed CrypticCrinoid's ghost (journeyman MiBe)
 14656 | D:10     | Noticed a tengu warrior
 14856 | D:10     | Found a staircase to the Lair.
 14872 | D:10     | Reached skill level 1 in Invocations
 14879 | D:10     | Killed a tengu warrior
 14964 | D:10     | Noticed a tengu warrior
 14997 | D:10     | Killed a tengu warrior
 15096 | D:10     | Noticed a boulder beetle
 15115 | D:10     | Killed a boulder beetle
 15419 | D:10     | Found a snail-covered altar of Cheibriados.
 15419 | D:10     | Found a blossoming altar of Fedhas.
 15494 | D:9      | Killed an ettin
 15495 | D:9      | Reached skill level 5 in Throwing
 15675 | D:9      | Killed an orc high priest
 15685 | Orc:1    | Noticed a sun demon
 15833 | Orc:1    | Received a gift from Nemelex Xobeh
 15906 | Orc:1    | Found Inamud's Magic Scroll Shoppe.
 15917 | Orc:1    | Bought a scroll of blinking for 97 gold pieces
 15917 | Orc:1    | Bought a scroll of fear for 45 gold pieces
 15917 | Orc:1    | Bought a scroll of fear for 45 gold pieces
 15917 | Orc:1    | Bought a scroll of teleportation for 39 gold pieces
 15917 | Orc:1    | Bought a scroll of teleportation for 39 gold pieces
 16184 | Orc:1    | Received a gift from Nemelex Xobeh
 16203 | Orc:2    | Entered Level 2 of the Orcish Mines
 16203 | Orc:2    | Noticed an orc high priest
 16203 | Orc:2    | Noticed an ogre mage
 16203 | Orc:2    | Noticed a two-headed ogre
 16203 | Orc:2    | Found Eniserch's Antique Weapon Shop.
 16205 | Orc:2    | Killed an orc high priest
 16207 | Orc:2    | Noticed a two-headed ogre
 16207 | Orc:2    | Noticed a two-headed ogre
 16208 | Orc:2    | Noticed a glowing orange brain
 16208 | Orc:2    | a two-headed ogre changed into a glowing orange brain
 16208 | Orc:2    | Noticed a swamp dragon
 16208 | Orc:2    | an orc sorcerer changed into a swamp dragon
 16208 | Orc:2    | a two-headed ogre changed into a manticore
 16209 | Orc:2    | Noticed a two-headed ogre
 16353 | Orc:1    | Killed a two-headed ogre
 16354 | Orc:1    | Reached skill level 5 in Invocations
 16354 | Orc:1    | Reached XP level 13. HP: 96/96 MP: 0/0
 16354 | Orc:1    | Learned a level 5 spell: Iskenderun's Battlesphere
 16375 | Orc:2    | Reached skill level 10 in Fighting
 16375 | Orc:2    | Found Ibbula's Book Shoppe.
 16375 | Orc:2    | Noticed an orc warlord
 16486 | Orc:1    | Killed an orc warlord
 16487 | Orc:1    | Reached skill level 10 in Short Blades
 16959 | Orc:2    | HP: 3/96 [orc knight/bolt (26)]
 17058 | Orc:1    | HP: 4/96 [orc knight (7)]
 17059 | Orc:1    | Shot with a bolt by an orc knight

Illustrated notes

Levels and vault maps discovered:
D:1:      amcnicky_arrival_single_pillar, layout_loops_ring, minmay_hedge_maze
D:2:      layout_loops_ring, hellmonk_ecumenical_altar_leap_of_faith,
          basic_altar, uniq_jessica
D:3:      layout_loops_ring, grunt_dithmenos_smoke, serial_shops,
          nicolae_shop_stone, bh_walls_and_bars, uniq_robin, uniq_terence
D:4:      layout_loops_corners, gup_sewer_entry_glass, corner_web_ring,
          minivault_26, uniq_crazy_yiuf_cottage, uniq_natasha
D:5:      layout_basic, nemelex_diamond_rough_becter,
          chequers_serial_rivers_marsh, serial_bayou_pond_b
D:6:      gammafunk_steamed_eel, layout_basic, trog_ov_bears_minmay,
          serial_shops, kennysheep_mini_moat
D:7:      layout_gridville, minmay_temple_entry_grid, hangedman_minor_gate_pass,
          uniq_maggie, uniq_pikel
D:8:      layout_cave_pools, ashenzari_conservatory_becter, serial_gnoll_camp,
          gnoll_camp_mini_sergeant, gnoll_camp_mini_basic, gnoll_camp_medium_01,
          gnoll_camp_huts_basic, gnoll_camp_mini_loothouse,
          grunt_decor_mini_mirrors, uniq_psyche, uniq_gastronok
D:9:      layout_cross, david_orc_4, serial_park, serial_park_paths
          [serial_park_minivault_5x5_7], serial_park_square2,
          serial_park_tiny_1, serial_park_square3 [serial_park_minivault_5x5_6],
          uniq_joseph
D:10:     layout_long_grid, gammafunk_temple_overflow_elements,
          nicolae_hepliaklqana_hazy_memory, due_lair_maze_entry_diamond,
          ebering_ghost_gozag, nzn_sisyphean_effort
Orc:1:    layout_caves, serial_shops, nicolae_shop_waterfront,
          bh_open_orc_temple
Orc:2:    grunt_orc_gardens, layout_caves, grunt_orc_garden, grunt_orc_garden,
          grunt_orc_garden, grunt_orc_garden

Skill      XL: |  1  2  3  4  5  6  7  8  9 10 11 12 13 |
---------------+----------------------------------------+-----
Spellcasting   | 3 4 5 |  5.6
Short Blades   | 1 3 4 6 8 9 10 | 10.5
Fighting       | 2 3 5 7 8 9 10 | 10.3
Stealth        | 2 3 4 5 |  5.7
Evocations     | 1 3 4 |  4.4
Crossbows      | 6 8 |  8.0
Throwing       | 1 6 |  6.1
Invocations    | 5 |  5.7
Dodging        | |  2.1

Action                   |  1- 3 |  4- 6 |  7- 9 | 10-12 | 13-15 || total
-------------------------+-------+-------+-------+-------+-------++-------
Melee: Unarmed           |     3 |       |       |       |       ||     3
       Dagger            |       |    45 |    69 |    52 |     5 ||   171
       Quarterstaff      |       |       |    11 |       |       ||    11
       Short sword       |       |       |    11 |   196 |    25 ||   232
 Fire: Hunting sling     |       |     6 |       |       |       ||     6
       Hand crossbow     |       |       |    45 |    47 |       ||    92
Throw: Dart              |       |       |       |    23 |       ||    23
 Cast: Foxfire           |    37 |    96 |    81 |    83 |     8 ||   305
       Inner Flame       |       |     2 |    15 |    82 |     3 ||   102
       Magic Dart        |       |     2 |     5 |     4 |    10 ||    21
       Call Imp          |       |       |    46 |    84 |       ||   130
       Searing Ray       |       |       |     5 |    14 |     3 ||    22
       Conjure Flame     |       |       |     5 |     8 |       ||    13
       Teleport Other    |       |       |     2 |    17 |     2 ||    21
       Sticky Flame      |       |       |     1 |     6 |     2 ||     9
       Fireball          |       |       |       |     5 |     1 ||     6
       Iskenderun's Batt |       |       |       |       |     4 ||     4
Invok: Draw Destruction  |       |       |       |    12 |     5 ||    17
       Draw Summoning    |       |       |       |     2 |     2 ||     4
       Triple Draw       |       |       |       |     1 |       ||     1
       Draw Escape       |       |       |       |       |     2 ||     2
Evoke: Wand              |       |     2 |     6 |    11 |     1 ||    20
  Use: Scroll            |       |       |    10 |    14 |     2 ||    26
       Potion            |       |       |       |     3 |     1 ||     4
 Stab: Sleeping          |       |     3 |       |     3 |       ||     6
       Paralysed         |       |       |     4 |       |       ||     4
       Distracted        |       |       |     1 |     1 |       ||     2
       Confused          |       |       |       |     2 |       ||     2
Armor: Robe              |     5 |     5 |    16 |       |       ||    26
       Leather armour    |       |       |     7 |    41 |       ||    48
       Acid dragon scale |       |       |       |    97 |    36 ||   133
Dodge: Dodged            |    19 |    39 |    93 |   232 |    67 ||   450
